 Dungeon Crawl Stone Soup version 0.18-a0-1784-ga939a68 (webtiles) character file.

17 M4edhros the Grave Robber (level 2, -8/17 HPs)
             Began as an Octopode Necromancer on Apr 18, 2016.
             Killed from afar by Robin (10 damage)
             ... with a wand of flame
             ... on level 2 of the Dungeon.
             The game lasted 00:02:08 (413 turns).

M4edhros the Grave Robber (Octopode Necromancer)     Turns: 413, Time: 00:02:09

Health: -8/17      AC:  1    Str:  7    XL:     2   Next: 62%
Magic:  1/5        EV: 12    Int: 17    God:
Gold:   24         SH:  0    Dex: 12    Spells: 1 memorised, 4 levels left

rFire  . . .     SeeInvis .     e - +0 short sword
rCold  . . .     Gourm    .     (no shield)
rNeg   . . .     Faith    .     (helmet restricted)
rPois  .         Spirit   .     (no amulet)
rElec  .         Dismiss  .     (no ring)
rCorr  .         Reflect  .     (no ring)
SustAt .         Harm     .     (no ring)
MR     .....                    (no ring)
Stlth  +++.......               (no ring)
                                (no ring)
                                (no ring)
                                (no ring)

@: not resistant to hostile enchantments, fairly stealthy
A: almost no armour, amphibious, 8 rings, constrict 8, camouflage 1, gelatinous
body 1
a: no special abilities


You were on level 2 of the Dungeon.
You were not hungry.

You visited 1 branch of the dungeon, and saw 3 of its levels.

You collected 24 gold pieces.

Inventory:

Hand Weapons
 e - a +0 short sword (weapon)
Missiles
 g - a throwing net (quivered)
 j - a stone
Scrolls
 d - a scroll of enchant weapon {unknown}
 h - a scroll of identify {unknown}
Potions
 c - 2 potions of might
 f - a potion of curing
Books
 a - a book of Necromancy

   Spells                             Type                      Level
   a - Pain                           Necromancy                   1
   b - Animate Skeleton               Necromancy                   1
   c - Vampiric Draining              Necromancy                   3
   d - Regeneration                   Charms/Necromancy            3
   e - Animate Dead                   Necromancy                   4
   f - Control Undead                 Necromancy                   4
Comestibles
 b - 2 bread rations
 i - 3 chunks of flesh


   Skills:
 - Level 2.0 Dodging
 - Level 2.6 Stealth
 + Level 2.2 Unarmed Combat
 - Level 2.0 Spellcasting
 - Level 4.0 Necromancy


You had 4 spell levels left.
You knew the following spells:

 Your Spells              Type           Power        Failure   Level  Hunger
a - Pain                  Necr           ###.         3%          1    #......


Dungeon Overview and Level Annotations

Branches:
Dungeon (3/15)

Altars:

Annotations:
D:2 Robin
D:3 Terence


Innate Abilities, Weirdness & Mutations

You cannot wear most types of armour.
You are amphibious.
You can wear up to eight rings at the same time.
You can use your tentacles to constrict eight enemies at once.
Your skin changes colour to match your surroundings (Stealth).
Your rubbery body absorbs attacks (AC +1).


Message History

The goblin convulses in agony!
You kill the goblin!
Robin of the Strong Arm comes into view.
She is wielding a falchion.
Casting: Pain
Confirm with . or Enter, or press ? or * to list all spells.
Aiming: Pain
Press: ? - help, Shift-Dir - straight line, f - goblin
Aim: a goblin (chance to defeat MR: 92%)
The goblin convulses in agony!
You kill the goblin!
There is an open door here.
You close the door.
Something unseen opens the door.
Robin says, "Bow before me, strongest of all the hobgoblins!"
Robin roars a battlecry!
Robin roars a battlecry!
There is an open door here.
Robin zaps a wand.
The puff of flame hits you!
Ouch! That really hurt!
You die...

##### #...# #...# ##############
######...###########............#
.....'...'......@..'.g..........#
######...###########.....)......#
#...# #............# #...#
#............# #...#
##########'### #####
################..##
...................†
......)##########g.# ######. .)..


You could see Robin.

Vanquished Creatures
  A worm (D:2)
  A giant gecko (D:2)
  A giant cockroach (D:2)
  3 goblins (D:2)
  A hobgoblin (D:2)
  A quokka (D:2)
  3 giant newts (D:1)
  2 kobolds (D:2)
13 creatures vanquished.

Notes
Turn   | Place    | Note
--------------------------------------------------------------
     0 | D:1      | M4edhros the Octopode Necromancer began the quest for the Orb.
     0 | D:1      | Reached XP level 1. HP: 11/11 MP: 3/3
   228 | D:2      | Reached skill level 1 in Unarmed Combat
   255 | D:3      | Noticed Terence
   302 | D:2      | Reached XP level 2. HP: 8/17 MP: 0/5
   397 | D:2      | Noticed Robin
   413 | D:2      | Killed from afar by Robin

Vault maps used:
D:1:      sevenhm_arrival_forest_fort_small_4, minmay_close_crescents
D:2:      marbit_many_paths, lightli_temple_of_fire, uniq_natasha, uniq_robin
D:3:      overflow_temple_1_default, wad_woods_river_04, uniq_jessica,
          uniq_terence

Skill      XL: |  1  2 |
---------------+-------+-----
Unarmed Combat | 1 2 |  2.2
Dodging        | |  2.0
Stealth        | |  2.6
Spellcasting   | |  2.0
Necromancy     | |  4.0

Action                   || total
-------------------------++-------
Melee: Short sword       ||    11
       Constrict         ||     4
       Unarmed           ||     2
       Tentacles         ||     2
 Cast: Pain              ||    12
  Use: Potion            ||     5
 Stab: Sleeping          ||     2
Dodge: Dodged            ||     8
